 Dungeon Crawl Stone Soup version 0.29-a0-648-g6b26cc9f40 (webtiles) character file.

Game seed: 2802279307926740093

71 meekasboy the Chopper (level 4, 41/41 HPs)
             Began as a Minotaur Berserker on June 21, 2022.
             Was a Follower of Trog.
             Quit the game on level 3 of the Dungeon.
             The game lasted 00:10:21 (1092 turns).

meekasboy the Chopper (Minotaur Berserker)          Turns: 1092, Time: 00:10:21

Health: 41/41      AC: 10    Str: 22 (23) XL:     4   Next: 5%
Magic:  3/3        EV: 10    Int:  4      God:    Trog [*.....]
Gold:   154        SH:  0    Dex:  7 (10) Spells: 3/3 levels left

rFire   x . .      SeeInvis .   f - +0 war axe
rCold   + + .      Faith    .   (no shield)
rNeg    . . .      Spirit   .   h - +0 ice dragon scales
rPois   .          Reflect  .   (helmet restricted)
rElec   .          Harm     .   (no cloak)
rCorr   .          Rampage  .   (no gloves)
Will    .....                   (no boots)
Stlth   ..........              (no amulet)
HPRegen 0.13/turn               (no ring)
MPRegen 0.08/turn               (no ring)

@: no status effects
A: horns 2, retaliatory headbutt
a: Renounce Religion, Berserk


You were on level 3 of the Dungeon.
You worshipped Trog.
Trog was aware of your devotion.
You visited 1 branch of the dungeon, and saw 3 of its levels.

You collected 154 gold pieces.

Inventory:

Hand Weapons
 a - a +0 hand axe
 f - a +0 war axe (weapon)
Missiles
 l - 4 stones (quivered)
Armour
 b - a +0 animal skin
 c - a +0 ring mail
 g - a +0 cloak
 h - +0 ice dragon scales (worn)
 o - a +0 ring mail
Scrolls
 d - a scroll of teleportation {unknown}
 e - a scroll of vulnerability {unknown}
 i - a scroll of identify {unknown}
 m - a scroll of torment {unknown}
Potions
 j - a potion of curing
 k - a potion of heal wounds {unknown}
Miscellaneous
 n - a piece from Xom's chessboard (14/15)


   Skills:
 + Level 4.3 Fighting
 + Level 4.8 Axes
 + Level 3.2 Armour
 + Level 2.5 Dodging


You had 3 spell levels left.
You didn't know any spells.
Your spell library contained the following spells:

 Spells                   Type           Power      Damage    Failure   Level
 Freezing Cloud           Conj/Ice/Air   0%         6-21      100%        5
 Simulacrum               Ice/Necr       0%         N/A       100%        6
 Polar Vortex             Ice            0%         N/A       100%        9


Dungeon Overview and Level Annotations

Branches:
Dungeon (3/15)

Altars:
Xom


Innate Abilities, Weirdness & Mutations

You have a pair of horns on your head.
You reflexively headbutt those who attack you in melee.


Message History

You add the spells Freezing Cloud, Simulacrum and Polar Vortex to your library.
As you read the scroll labelled MOGAON FYQEU, it crumbles to dust.
You assume a fearsome visage.
Nothing appears to happen.
It was a scroll of fear.
Found a piece from Xom's chessboard (15/15).
Found a shimmering altar of Xom.
Found a runed scarf.
Found 5 stones.
There is a shimmering altar of Xom here.
You see here a piece from Xom's chessboard (15/15).
You kneel at the altar of Xom.
n - a piece from Xom's chessboard (15/15)
You barely miss the butterfly. Your headbutt misses the butterfly.
You closely miss the butterfly.
Okay, then.
You miss the butterfly. Your headbutt misses the butterfly.
You can no longer call upon Trog for regeneration and willpower.
Okay, then.
You completely miss the butterfly. Your headbutt misses the butterfly.
You closely miss the butterfly. Your headbutt misses the butterfly.
You completely miss the butterfly. Your headbutt misses the butterfly.
You miss the butterfly.
There is a shimmering altar of Xom here.
You kneel at the altar of Xom.
You completely miss the butterfly. Your headbutt misses the butterfly.
You hear the brisk rusting of a very distant drain.
You make a move on Xom's chessboard...
The butterfly resists with significant effort.
You see here a scarf of resistance.
You hear the sound of rushing water.
There is an entrance to a sewer on this level.
Hurry and find it before the portal rusts away!
Welcome back, meekasboy the Minotaur Berserker.
Trog says: Kill them all!
Press ? for a list of commands and other information.
No previous command to re-do.
No target in view!
Unknown command.
Unknown command.
No target in view!
Are you sure you want to abandon this character and quit the game? (Confirm with "yes".)

#.##.# #.#.#.
#.##.# #.#.#.
#.##.# #.#.#.
#....#####.#.#.
####.._.......# #.
#........######.#.
#...b...........#.
#..........(....
#@b.....[######
#........#
###......#
#......# #......#
##.##### ..# ####


There were no monsters in sight!

Vanquished Creatures
  An orc wizard (D:3)
  An adder (D:3)
  2 worms (D:2)
  4 orcs (D:3)
  2 bats
  2 giant cockroaches (D:3)
  2 goblins (D:2)
  A hobgoblin (D:2)
  2 jackals (D:2)
  2 quokkas
  3 ball pythons (D:2)
  A frilled lizard (D:2)
  3 kobolds
26 creatures vanquished.

Notes
Turn   | Place    | Note
-------+----------+-------------------------------------------
     0 | D:1      | meekasboy the Minotaur Berserker began the quest for the
                  | Orb.
     0 | D:1      | Reached XP level 1. HP: 19/19 MP: 0/0
   109 | D:1      | You fall into a shaft and drop 1 floor!
   289 | D:2      | Reached XP level 2. HP: 22/27 MP: 1/1
   749 | D:3      | Reached XP level 3. HP: 23/33 MP: 2/2
  1001 | D:3      | Reached XP level 4. HP: 40/41 MP: 3/3
  1001 | D:3      | Reached ** piety under Trog
  1040 | D:3      | Found a shimmering altar of Xom.
  1092 | D:3      | Quit the game

Illustrated notes

Levels and vault maps discovered:
D:1:      enne_arrival_octagon_isle, layout_loops_ring
D:2:      layout_rooms, grunt_ministairs_10, nrook_campfire,
          chequers_decorated_corner, chequers_serial_rivers_micro_c
D:3:      layout_basic, xom_butterflies, nicolae_ecumenical_snake_handling,
          cheibrodos_sewer_entry_drain

Skill      XL: |  1  2  3 |
---------------+----------+-----
Axes           | 4 |  4.8
Fighting       | 4 |  4.3
Armour         | 3 |  3.2
Dodging        | |  2.5

Action                   |  1- 3 |  4- 6 || total
-------------------------+-------+-------++-------
Melee: War axe           |    68 |     9 ||    77
       Hand axe          |     3 |       ||     3
       Headbutt          |    12 |       ||    12
Invok: Berserk           |     3 |       ||     3
Evoke: Piece from Xom's  |       |     1 ||     1
  Use: Potion            |     4 |       ||     4
       Scroll            |       |     1 ||     1
Armor: Ring mail         |     6 |       ||     6
       Ice dragon scales |    46 |       ||    46
Dodge: Dodged            |    54 |       ||    54

Table legend: (Time is in decaauts)
 A = Elapsed time spent in this place.
 B = Non-inter-level travel time spent in this place.
 C = Inter-level travel time spent in this place.
 D = Time resting spent in this place.
 E = Time spent auto-exploring this place.
 F = Levels seen in this place.
 G = Mean time per level.
                   A        B        C        D        E       F      G
               +--------+--------+--------+--------+--------+-----+--------+
         Total |   1145 |    291 |    854 |      0 |      0 |   3 |  381.7 |
       Dungeon |   1145 |    291 |    854 |      0 |      0 |   3 |  381.7 |
               +--------+--------+--------+--------+--------+-----+--------+

Top non-repeatable levels by time:
     D:2: 666 daAuts
     D:3: 371 daAuts
     D:1: 108 daAuts
